 Dungeon Crawl Stone Soup version 0.24.0-1-gfbc8707 (webtiles) character file.

Game seed: 17115566068057739450, levelgen mode: deterministic

94348 TheDoctor the Ogre Mage (level 16, 0/124 HPs)
             Began as an Ogre Conjurer on Oct 31, 2019.
             Was a High Priest of Vehumet.
             Hit by a silver javelin thrown by a merfolk javelineer (1 damage)
             ... on level 3 of the Shoals.
             The game lasted 01:41:12 (42298 turns).

TheDoctor the Ogre Mage (Ogre Conjurer)            Turns: 42298, Time: 01:41:12

Health: 0/124      AC: 10    Str: 19    XL:     16   Next: 11%
Magic:  0/39       EV: 11    Int: 25    God:    Vehumet [*****.]
Gold:   2472       SH:  4    Dex:  9    Spells: 13/53 levels left

rFire    . . .     SeeInvis .   D - +6 quarterstaff of Checks and Balances {elec, rC+ rN+ Str+3}
rCold    + + .     Gourm    .   (shield currently unavailable)
rNeg     + . .     Faith    .   f - +0 acid dragon scales
rPois    +         Spirit   .   (helmet restricted)
rElec    .         Reflect  +   r - +0 cloak {rPois}
rCorr    +         Harm     .   (gloves unavailable)
MR       +....                  (boots unavailable)
Stlth    +.........             z - +4 amulet of reflection
HPRegen  0.30/turn              J - +4 ring of intelligence
MPRegen  0.26/turn              v - ring of protection from cold

@: no status effects
A: large, unfitting armour, tough skin 1
a: Renounce Religion


You were on level 3 of the Shoals.
You worshipped Vehumet.
Vehumet was extremely pleased with you.
You were not hungry.

You visited 5 branches of the dungeon, and saw 27 of its levels.
You also visited: Ossuary and Gauntlet.

You collected 2472 gold pieces.

Inventory:

Hand Weapons
 C - the +11 quarterstaff of Wu Jian's Regard {crush, *Slow +Rage rN+++}
   (You found it on level 13 of the Dungeon)

   It inflicts extra damage upon your enemies.
   It renders you almost immune to negative energy.
   It lets you go berserk.
   It may slow you when you take damage.
 D - the +6 quarterstaff of Checks and Balances (weapon) {elec, rC+ rN+ Str+3}
   (You found it on level 7 of the Dungeon)

   Occasionally, upon striking a foe, it will discharge some electrical energy
   and cause terrible harm.
   It affects your strength (+3).
   It protects you from cold.
   It protects you from negative energy.
 V - the +7 halberd of Sharkskin {flame, *Contam rPois Int+6 SInv}
   (You found it on level 5 of the Lair of Beasts)

   It has been specially enchanted to burn those struck by it, causing extra
   injury to most foes and up to half again as much damage against particularly
   susceptible opponents.
   Big, fiery blades are also staple armaments of hydra-hunters.
   It affects your intelligence (+6).
   It protects you from poison.
   It lets you see invisible.
   It causes magical contamination when unequipped.
 Y - the +1 war axe "Wiukaopp" {holy, Str+3 Int+5}
   (You found it on level 6 of the Lair of Beasts)

   It has been blessed by the Shining One to cause great damage to the undead
   and demons.
   It affects your strength (+3).
   It affects your intelligence (+5).
Armour
 f - +0 acid dragon scales (worn)
 r - a +0 cloak of poison resistance (worn)
Jewellery
 a - an uncursed ring of fire
 d - an uncursed ring of positive energy
 v - a ring of protection from cold (right hand)
 w - an uncursed ring of wizardry
 z - a +4 amulet of reflection (around neck)
 J - a +4 ring of intelligence (left hand)
 L - an uncursed ring of protection from cold
 T - an uncursed ring of flight
Wands
 o - a wand of digging (15)
 E - a wand of flame (10)
 F - a wand of iceblast (8)
 R - a wand of acid (3)
Scrolls
 b - 3 scrolls of fog
 e - a scroll of identify
 i - 11 scrolls of teleportation
 j - 11 scrolls of remove curse
 n - a scroll of fear
 A - a scroll of acquirement {unknown}
 B - 3 scrolls of blinking
 H - a scroll of torment {unknown}
 O - 3 scrolls of immolation
 Z - a scroll of vulnerability {unknown}
Potions
 h - 6 potions of heal wounds
 m - 3 potions of lignification
 p - 4 potions of resistance
 q - 9 potions of curing
 s - 5 potions of mutation {unknown}
 t - 3 potions of might {unknown}
 u - 2 potions of agility {unknown}
 x - a potion of invisibility {unknown}
 M - 3 potions of haste {unknown}
 N - 3 potions of brilliance {unknown}
Comestibles
 c - 41 rations


   Skills:
   Level 3.3 Maces & Flails
 - Level 8.5 Polearms
 + Level 7.2 Armour
 - Level 5.0 Dodging
 - Level 1.4 Stealth
 + Level 19.2 Spellcasting
 - Level 13.9 Conjurations
 * Level 6.3 Charms


You had 13 spell levels left.
You knew the following spells:

 Your Spells              Type           Power        Failure   Level  Hunger
a - Magic Dart            Conj           ####         0%          1    None
b - Searing Ray           Conj           ######       0%          2    None
c - Conjure Flame         Conj/Fire      ######..     1%          3    None
d - Iskenderun's Mystic   Conj           #######.     1%          4    None
e - Blink                 Tloc           N/A          3%          2    None
f - Force Lance           Conj/Tloc      ######..     1%          4    None
g - Mephitic Cloud        Conj/Pois/Air  #####...     1%          3    None
h - Inner Flame           Hex/Fire       ###.....     2%          3    None
i - Bolt of Cold          Conj/Ice       ######....   6%          6    ###....
j - Iron Shot             Conj/Erth      ######....   6%          6    ###....
k - Deflect Missiles      Chrm/Air       #####.....   71%         6    ###....

Your spell library contained the following spells:

 Spells                   Type           Power        Failure   Level  Hunger
 Ozocubu's Refrigeration  Ice            ###.......   65%         6    ###....
 Freeze                   Ice            ###.         1%          1    None
 Shock                    Conj/Air       ####         1%          1    None
 Throw Frost              Conj/Ice       ######       1%          2    None
 Dazzling Spray           Conj/Hex       ######       1%          3    None
 Ozocubu's Armour         Chrm/Ice       #####...     1%          3    None
 Fulminant Prism          Conj/Hex       ######....   1%          4    None
 Throw Icicle             Conj/Ice       ######..     1%          4    None
 Iskenderun's Battlesphe  Conj/Chrm      ######..     1%          5    None
 Venom Bolt               Conj/Pois      ######....   1%          5    None
 Orb of Destruction       Conj           #######...   1%          7    #####..
 Animate Skeleton         Necr           N/A          2%          1    None
 Apportation              Tloc           ###...       2%          1    None
 Beastly Appendage        Tmut           ###...       2%          1    None
 Confusing Touch          Hex            ###...       2%          1    None
 Corona                   Hex            ###....      2%          1    None
 Summon Small Mammal      Summ           ###.         2%          1    None
 Bolt of Magma            Conj/Fire/Erth #####.....   2%          5    None
 Call Imp                 Summ           ###.....     3%          2    None
 Ensorcelled Hibernation  Hex/Ice        ###...       3%          2    None
 Slow                     Hex            ###.....     3%          2    None
 Sticks to Snakes         Tmut           ###.....     3%          2    None
 Conjure Ball Lightning   Conj/Air       ######....   6%          6    ###....
 Confuse                  Hex            ###.....     8%          3    None
 Spider Form              Tmut/Pois      ###.......   8%          3    None
 Tukima's Dance           Hex            ###.....     8%          3    None
 Ice Form                 Ice/Tmut       ###.....     24%         4    None
 Summon Ice Beast         Ice/Summ       ###.....     24%         4    None
 Summon Lightning Spire   Summ/Air       ###.....     24%         4    None
 Spellforged Servitor     Conj/Summ      ######....   28%         7    #####..
 Blade Hands              Tmut           ###.......   56%         5    None
 Silence                  Hex/Air        ###.......   56%         5    None
 Tornado                  Air            ###.......   100%        9    #######


Dungeon Overview and Level Annotations

Branches:
Dungeon (15/15)            Temple (1/1) D:6            Lair (6/6) D:11
 Shoals (4/4) Lair:4        Snake (1/4) Lair:3        Slime (0/5) Lair:6
    Orc (0/2) D:11         Vaults (0/5) D:14        Ossuary (visited)
Gauntlet (visited)
 Depths: D:15

Altars:
Ashenzari
Cheibriados
Dithmenos
Elyvilon
Fedhas
Gozag
Hepliaklqana
Kikubaaqudgha
Makhleb
Nemelex Xobeh
Okawaru
Qazlal
Ru
Sif Muna
Trog
Uskayaw
Vehumet
Wu Jian
Xom
Yredelemnul
Zin
The Shining One

Shops:
D:4 :   D:5 %   D:10 }

Annotations:
D:6 2 transporters
D:9 3 runed translucent doors, smeego's ghost, novice OpFi
Lair:6 2 transporters, Razfen's ghost, journeyman GnWn


Innate Abilities, Weirdness & Mutations

You are too large for most types of armour.
You have tough skin. (AC +1)


Message History

The orb of energy hits the merfolk javelineer!!
The merfolk javelineer is severely wounded.
The merfolk javelineer throws a silver javelin.
The silver javelin pierces through you!!
* * * LOW HITPOINT WARNING * * *
x2
Casting: Iskenderun's Mystic Blast (safe; 1% risk of failure)
Confirm with . or Enter, or press ? or * to list all spells.
Aiming: Iskenderun's Mystic Blast (safe; 1% risk of failure)
Press: ? - help, Shift-Dir - straight line, f/p - merfolk javelineer
Aim: a merfolk javelineer, wielding a +0 spear and wearing a +0 leather armour (severely wounded)
The orb of energy hits the merfolk javelineer!
The merfolk javelineer is severely wounded.
The merfolk shouts!
You hear a shout!
The merfolk throws a boomerang.
The boomerang hits you but does no damage.
The weapon returns to the merfolk!
The merfolk javelineer throws a silver javelin.
The silver javelin pierces through you!
* * * LOW HITPOINT WARNING * * *
You die...

≈≈≈≈≈≈≈≈≈≈≈≈≈≈...######....
≈≈≈≈≈((≈≈≈≈m≈mm≈(.........#
≈≈≈≈.<..≈≈≈≈≈≈≈(..........)
≈≈≈≈......≈≈≈≈)≈...........
≈≈≈..###).≈≈≈≈≈≈......(.>..
≈≈≈..# #...≈≈≈≈......≈....#....
≈≈≈..###...≈≈≈...#...≈≈≈.....≈≈≈≈
≈≈≈≈..#....≈≈≈.....(≈≈(≈≈....≈≈≈P
≈≈≈≈≈.....≈≈≈≈≈.@...≈≈≈≈≈≈...≈≈≈≈
≈≈≈≈≈≈....≈≈≈≈≈≈..≈..≈.....≈≈≈≈≈≈
≈≈≈≈≈≈≈.(≈≈≈≈≈≈≈...(.....[≈≈≈≈≈≈≈
≈≈≈≈≈≈≈≈(≈≈≈≈..^.........≈≈≈..≈≈≈
≈≈≈≈≈≈≈≈≈≈≈≈≈≈...........≈≈...≈≈≈
≈≈≈≈≈≈≈≈≈≈≈≈≈.......###..≈≈....≈.
≈≈≈≈≈≈≈≈≈≈≈...###..(# #.....≈....
≈≈≈≈≈≈≈≈≈≈≈...# ##..###..#..≈....
≈≈≈≈≈≈≈≈≈≈≈....##.#.##...........


You could see a merfolk javelineer and 2 merfolk.

Vanquished Creatures
  An ironheart preserver (D:13)
  Nessos (Lair:5)
  A minotaur (Gauntlet)
  A merfolk javelineer (Shoals:4)
  2 merfolk impalers
  2 fire dragons (Lair:6)
  6 hydras
  A centaur warrior (D:14)
  A ghost crab (Gauntlet)
  2 anacondas (Snake:1)
  8 two-headed ogres
  A satyr (Shoals:3)
  A merfolk avatar (Shoals:3)
  A shock serpent (Snake:1)
  Nergalle (Lair:2)
  3 skeletal warriors (D:14)
  5 sea snakes
  2 unseen horrors (D:13)
  A swamp dragon (Lair:6)
  A naga ritualist (Snake:1)
  3 lindwurms
  A deep elf mage (D:12)
  7 ugly things
  A mana viper (Snake:1)
  7 fauns
  4 manticores
  4 cyclopes
  2 centaur zombies
  3 merfolk sirens (Shoals:2)
  Maurice (D:8)
  4 torpor snails (Lair:6)
  14 black mambas
  12 elephants
  2 centaur skeletons
  A water nymph (Shoals:3)
  Psyche (D:10)
  10 spiny frogs
  11 komodo dragons
  An efreet (D:14)
  4 rime drakes (Lair:6)
  5 merfolk
  4 tyrant leeches (Lair:6)
  A meliai (shapeshifter) (D:13)
  2 queen bees
  6 meliai
  9 hornets
  6 trolls
  A wind drake (Shoals:3)
  A meliai zombie (D:13)
  A snapping turtle (Shoals:3)
  10 dream sheep
  13 slime creatures
  5 blink frogs (Lair:6)
  9 hippogriffs
  A shadow (D:14)
  2 water elementals (Shoals:3)
  4 wyverns
  3 wraiths
  35 yaks
  A basilisk (Lair:3)
  2 steam dragons (Lair:6)
  A hungry ghost (D:10)
  2 vampire mosquitoes (D:15)
  Menkaure (D:6)
  3 nagas (Snake:1)
  21 water moccasins
  A soldier ant (D:14)
  An acid dragon (Lair:6)
  7 porcupines
  An eye of draining (shapeshifter) (D:13)
  5 orc warriors
  4 black bears
  2 ice beasts
  A sky beast (D:8)
  A hornet zombie (D:12)
  3 phantoms
  3 ogres
  2 necrophages
  24 wolves
  12 centaurs
  16 crocodiles
  A big kobold (D:11)
  Blork the orc (D:6)
  A wyvern zombie (D:8)
  A gnoll sergeant (D:4)
  14 bullfrogs
  4 scorpions
  41 killer bees
  18 wights
  7 howler monkeys
  4 electric eels
  4 crimson imps
  A bullfrog zombie (D:7)
  4 quasits
  A bullfrog skeleton (D:7)
  12 hounds
  7 orc priests
  3 jellies
  A gnoll shaman (D:6)
  17 orc wizards
  Terence (D:3)
  5 iguanas
  7 worker ants
  A big kobold zombie (Ossuary)
  A hound zombie (D:5)
  8 mummies (Ossuary)
  8 gnolls
  2 worker ant zombies
  17 adders
  6 shadow imps
  3 oozes
  2 adder skeletons
  3 worms
  3 dart slugs
  A leopard gecko (D:1)
  43 orcs
  3 ball pythons (Lair:3)
  6 bats
  4 giant cockroaches
  A gnoll zombie (Ossuary)
  6 goblins
  7 hobgoblins
  25 jackals
  6 quokkas
  5 frilled lizards
  A goblin zombie (D:4)
  2 hobgoblin zombies (Ossuary)
  15 kobolds
  4 kobold zombies (Ossuary)
  A quokka skeleton (D:4)
  A quokka zombie (D:5)
  7 rats
  A rat zombie (D:4)
  A fungus (Lair:6)
  6 plants
722 creatures vanquished.

Vanquished Creatures (others)
  A cyclops (Shoals:1)
  A faun (Shoals:3)
  A spiny frog (Lair:6)
  A merfolk (Shoals:4)
  11 demonic plants (Gauntlet)
  15 fungi
  90 plants
120 creatures vanquished.

Grand Total: 842 creatures vanquished

Notes
Turn   | Place    | Note
-------+----------+-------------------------------------------
     0 | D:1      | TheDoctor the Ogre Conjurer began the quest for the Orb.
     0 | D:1      | Reached XP level 1. HP: 16/16 MP: 3/3
   143 | D:1      | Reached XP level 2. HP: 13/24 MP: 0/5
   153 | D:1      | HP: 1/24 [goblin/+0 club (7)]
   412 | D:1      | Reached skill level 3 in Spellcasting
   628 | D:1      | Reached XP level 3. HP: 31/31 MP: 2/7
  1407 | D:2      | Learned a level 2 spell: Searing Ray
  1465 | D:2      | Reached XP level 4. HP: 39/39 MP: 4/9
  2021 | D:2      | Reached skill level 1 in Polearms
  2044 | D:2      | Reached skill level 4 in Spellcasting
  2592 | D:3      | Found an ancient bone altar of Kikubaaqudgha.
  2763 | D:3      | Found a shimmering altar of Xom.
  2764 | D:3      | Noticed Terence
  2772 | D:3      | Killed Terence
  2772 | D:3      | Reached XP level 5. HP: 36/45 MP: 5/11
  3024 | D:3      | Found a burning altar of Makhleb.
  3288 | D:4      | Noticed an ogre
  3294 | D:4      | Killed an ogre
  3294 | D:4      | Reached skill level 5 in Spellcasting
  3294 | D:4      | Reached skill level 5 in Conjurations
  3294 | D:4      | Reached XP level 6. HP: 53/53 MP: 3/13
  3409 | D:4      | Found Ypler's Book Boutique.
  3433 | D:4      | Found a sand-covered staircase.
  3495 | Ossuary  | Entered an ossuary
  4357 | D:4      | Reached XP level 7. HP: 59/59 MP: 5/15
  4784 | D:4      | Reached skill level 6 in Spellcasting
  5563 | D:5      | Entered Level 5 of the Dungeon
  5728 | D:5      | Learned a level 3 spell: Conjure Flame
  5733 | D:5      | Learned a level 4 spell: Iskenderun's Mystic Blast
  5736 | D:5      | Learned a level 2 spell: Blink
  5741 | D:5      | Learned a level 4 spell: Force Lance
  5745 | D:5      | Learned a level 3 spell: Mephitic Cloud
  6102 | D:5      | Reached XP level 8. HP: 67/67 MP: 13/18
  6188 | D:5      | Reached skill level 7 in Spellcasting
  6519 | D:5      | Found Uxkof's Food Shoppe.
  6711 | D:5      | Found a shattered altar of Ashenzari.
  6952 | D:6      | Found a transporter.
  7185 | D:6      | Noticed Menkaure
  7216 | D:6      | Killed Menkaure
  7301 | D:6      | Noticed Blork the orc
  7310 | D:6      | Killed Blork the orc
  7310 | D:6      | Reached skill level 8 in Spellcasting
  7765 | D:6      | Found a transporter.
  8274 | D:6      | Reached XP level 9. HP: 72/74 MP: 14/21
  8393 | D:6      | Found a staircase to the Ecumenical Temple.
  8467 | Temple   | Entered the Ecumenical Temple
  8556 | Temple   | Became a worshipper of Vehumet
  8756 | D:7      | Reached skill level 9 in Spellcasting
  9055 | D:7      | Got a polished quarterstaff
  9364 | D:7      | Found an iron altar of Okawaru.
  9364 | D:7      | Found a white marble altar of Elyvilon.
  9408 | D:7      | Reached * piety under Vehumet
  9408 | D:7      | Offered knowledge of Flame Tongue by Vehumet.
 10085 | D:8      | Reached skill level 10 in Spellcasting
 10253 | D:8      | Noticed Maurice
 10290 | D:8      | Killed Maurice
 10290 | D:8      | Reached skill level 1 in Maces & Flails
 10552 | D:8      | Noticed a two-headed ogre
 10562 | D:8      | Killed a two-headed ogre
 10562 | D:8      | Reached skill level 11 in Spellcasting
 10562 | D:8      | Reached XP level 10. HP: 67/81 MP: 0/25
 11522 | D:9      | Identified the +6 quarterstaff of Checks and Balances
                  | {elec, rC+ rN+ Str+3} (You found it on level 7 of the
                  | Dungeon)
 11763 | D:9      | Found a runed translucent gate.
 11764 | D:9      | Found a runed translucent gate.
 11765 | D:9      | Found a runed translucent gate.
 11767 | D:9      | Noticed smeego's ghost (novice OpFi)
 11773 | D:9      | Noticed a two-headed ogre
 11798 | D:9      | Killed a two-headed ogre
 11798 | D:9      | Reached skill level 12 in Spellcasting
 12145 | D:9      | Offered knowledge of Sandblast by Vehumet.
 12382 | D:9      | Reached ** piety under Vehumet
 12389 | D:9      | Reached skill level 10 in Conjurations
 12389 | D:9      | Reached XP level 11. HP: 78/88 MP: 12/27
 12996 | D:9      | Found a shimmering blue altar of Sif Muna.
 13053 | D:9      | Identified Sif Muna's Incunabulum of Air
 13618 | D:10     | Entered Level 10 of the Dungeon
 13623 | D:10     | Noticed Psyche
 13632 | D:10     | Killed Psyche
 13798 | D:10     | Offered knowledge of Ignite Poison by Vehumet.
 13897 | D:10     | Reached skill level 13 in Spellcasting
 13898 | D:10     | Reached *** piety under Vehumet
 14062 | D:10     | Reached skill level 5 in Polearms
 14065 | D:10     | Offered knowledge of Inner Flame by Vehumet.
 14292 | D:10     | Learned a level 3 spell: Inner Flame
 14385 | D:10     | Found Dynuc's Gadget Shop.
 15304 | D:11     | Noticed a six-headed hydra
 15305 | D:11     | Found a staircase to the Orcish Mines.
 15326 | D:11     | Killed a six-headed hydra
 15709 | D:11     | Noticed a two-headed ogre
 15718 | D:11     | Killed a two-headed ogre
 15718 | D:11     | Reached skill level 14 in Spellcasting
 15719 | D:11     | Noticed a two-headed ogre
 15722 | D:11     | Noticed a two-headed ogre
 15723 | D:11     | Found an iron altar of Okawaru.
 15727 | D:10     | Reached **** piety under Vehumet
 16000 | D:11     | Killed a two-headed ogre
 16000 | D:11     | Reached XP level 12. HP: 96/96 MP: 15/30
 16176 | D:11     | Offered knowledge of Lightning Bolt by Vehumet.
 16421 | D:11     | Killed a two-headed ogre
 16638 | D:11     | Found a staircase to the Lair.
 16761 | Lair:1   | Entered Level 1 of the Lair of Beasts
 18167 | Lair:2   | Noticed Nergalle
 18172 | Lair:2   | Killed Nergalle
 18317 | Lair:2   | Reached skill level 15 in Spellcasting
 19458 | Lair:3   | Found a staircase to the Snake Pit.
 20847 | Lair:4   | Noticed a five-headed hydra
 20853 | Lair:4   | Killed a five-headed hydra
 21111 | Lair:4   | Reached XP level 13. HP: 102/102 MP: 20/32
 21455 | Lair:4   | Reached skill level 16 in Spellcasting
 22212 | Lair:4   | Found a staircase to the Shoals.
 22304 | Lair:4   | Got an ominously black robe
 22305 | Lair:4   | Identified the +2 robe of the Greedy {Int+2} (You found it
                  | on level 4 of the Lair of Beasts)
 22361 | Lair:5   | Noticed Nessos
 22373 | Lair:5   | Killed Nessos
 22881 | Lair:5   | Reached ***** piety under Vehumet
 22901 | Lair:5   | Offered knowledge of Conjure Ball Lightning by Vehumet.
 23999 | Lair:5   | Got a translucent halberd
 24879 | Lair:6   | Entered Level 6 of the Lair of Beasts
 25058 | Lair:6   | Got a pitted war axe
 25106 | Lair:5   | Identified the +7 halberd of Sharkskin {flame, *Contam
                  | rPois Int+6 SInv} (You found it on level 5 of the Lair of
                  | Beasts)
 25790 | Lair:6   | Reached skill level 17 in Spellcasting
 25833 | Lair:6   | Noticed Razfen's ghost (journeyman GnWn)
 26336 | Lair:6   | Offered knowledge of Bolt of Cold by Vehumet.
 26553 | Lair:5   | Learned a level 6 spell: Bolt of Cold
 26562 | Lair:6   | Found a transporter.
 26565 | Lair:6   | Found a transporter.
 26582 | Lair:6   | Reached XP level 14. HP: 110/110 MP: 18/35
 27027 | Lair:4   | Reached skill level 5 in Dodging
 27112 | Lair:2   | Identified the +1 war axe "Wiukaopp" {holy, Str+3 Int+5}
                  | (You found it on level 6 of the Lair of Beasts)
 27390 | Lair:6   | Reached skill level 1 in Armour
 27914 | Lair:6   | Found a staircase to the Slime Pits.
 28079 | Lair:6   | Found a runed translucent door.
 30324 | D:12     | Reached skill level 18 in Spellcasting
 31306 | D:12     | You fall into a shaft and drop 2 floors!
 31467 | D:14     | Found a gate leading to a gauntlet.
 31479 | Gauntlet | Entered a Gauntlet
 31479 | Gauntlet | Found a transporter.
 31479 | Gauntlet | Found a transporter.
 31483 | Gauntlet | Found a transporter.
 31483 | Gauntlet | Found a transporter.
 31492 | Gauntlet | Found a transporter.
 31544 | Gauntlet | Found a transporter.
 31569 | Gauntlet | Found a transporter.
 31576 | Gauntlet | Found a transporter.
 31592 | Gauntlet | Found a transporter.
 31687 | Gauntlet | Found a transporter.
 31698 | Gauntlet | Found a transporter.
 31701 | Gauntlet | Found a transporter.
 31729 | Gauntlet | Found a transporter.
 31764 | Gauntlet | Found a transporter.
 31806 | Gauntlet | Found a transporter.
 31826 | Gauntlet | Found a transporter.
 31981 | Gauntlet | Got a crude cloak
 31996 | Gauntlet | Identified the cursed +0 cloak "Rumnufas" {Int+2} (You
                  | found it in a Gauntlet)
 32595 | Gauntlet | Learned a level 6 spell: Iron Shot
 32729 | D:14     | Offered knowledge of Ozocubu's Refrigeration by Vehumet.
 33219 | D:13     | Reached XP level 15. HP: 110/117 MP: 31/37
 33253 | D:13     | Reached skill level 5 in Armour
 33263 | D:13     | Got a polished quarterstaff
 33264 | D:13     | Identified the +11 quarterstaff of Wu Jian's Regard {crush,
                  | *Slow +Rage rN+++} (You found it on level 13 of the
                  | Dungeon)
 33846 | D:13     | Found a hide-covered altar of Uskayaw.
 35248 | D:14     | Found a gate to the Vaults.
 35968 | D:14     | Learned a level 6 spell: Deflect Missiles
 36050 | D:14     | Reached skill level 1 in Charms
 36857 | D:15     | Entered Level 15 of the Dungeon
 37314 | Snake:1  | Entered Level 1 of the Snake Pit
 38519 | Shoals:1 | Entered Level 1 of the Shoals
 39680 | Shoals:2 | Reached skill level 19 in Spellcasting
 40464 | Shoals:3 | Reached skill level 5 in Charms
 41764 | Shoals:3 | Reached XP level 16. HP: 108/124 MP: 12/39
 42206 | Shoals:4 | Entered Level 4 of the Shoals
 42298 | Shoals:3 | HP: 1/124 [merfolk javelineer/silver javelin (16)]
 42298 | Shoals:3 | Hit by a silver javelin thrown by a merfolk javelineer

Levels and vault maps discovered:
D:1:      lightli_arrival_isolated_outpost, layout_basic
D:2:      layout_loops_cross, moated_statue, kennysheep_boxes
D:3:      layout_loops_cross, kiku_gazebo_pond_becter, lemuel_round_altar,
          minmay_door_square, makhleb_blood_cavern_becter, uniq_terence
D:4:      kb_forest_paths, layout_basic, first_ration, serial_shops, shop,
          enter_ossuary_4
D:5:      layout_loops_ring, kennysheep_mini, serial_shops, shop
D:6:      gammafunk_cloud_chamber, layout_loops_ring,
          minmay_temple_entry_stoned_glass, minivault_10,
          ebering_dispersal_statue_hall, uniq_menkaure, uniq_blork_the_orc
D:7:      layout_gridville, gammafunk_temple_overflow_wave
D:8:      layout_loops_cross, kennysheep_generic_room_8, uniq_maurice
D:9:      layout_roguey, led_sif_book, gammafunk_ghost_necromancy,
          david_nohive_1
D:10:     layout_basic, serial_shops, shop, uniq_psyche
D:11:     layout_rooms, david_lair_shrubbed, orc_0_dummy, basic_altar
D:12:     layout_stronghold
D:13:     layout_irregular_city, basic_altar, minivault_24
D:14:     layout_cave_pools, skrybe_vaults_entry_preservation,
          gauntlet_entry_generic, minivault_7
D:15:     grunt_enter_depths_giant_problem, layout_grid_maze,
          hangedman_decor_lopped, serial_shops, shop, fedhas_altar_fruit_tree
Temple:   eino_temple_rhombus
Lair:1:   layout_regular_city
Lair:2:   layout_roguey, cheibrodos_lair_caveside_slide, uniq_nergalle
Lair:3:   layout_loops_ring, minmay_snake_entry_six_corridors,
          grunt_forest_small_clearings
Lair:4:   layout_layer_cave, elwin_shoals_entry_rooms, columned_hall_lemuel,
          st_stairs_9
Lair:5:   cheibrodos_lair_overgrown_chateau, layout_gridlike,
          serial_bayou_lagoon_b, uniq_nessos
Lair:6:   wormcave, layout_loops_ring, guppyfry_lair_end_dragon,
          nicolae_slime_entry_slimehenge, gammafunk_ghost_hive, st_stairs_5,
          grunt_forest_large_clearings
Shoals:1: layout_shoals, nicolae_shoals_arrival_archipelago
Shoals:2: nicolae_shoals_island_circles, layout_shoals
Shoals:3: layout_shoals
Shoals:4: shoals_end_grunt_ice, layout_shoals, ldierk_geyser, uniq_polyphemus
Snake:1:  layout_grid_shapes, drop_trap, grunt_megastairs_2

Skill      XL: |  1  2  3  4  5  6  7  8  9 10 11 12 13 14 15 16 |
---------------+-------------------------------------------------+-----
Spellcasting   | 3 4 5 6 8 11 12 14 15 17 18 19 | 19.2
Conjurations   | 4 5 6 7 9 10 11 12 13 | 13.9
Polearms       | 1 2 4 6 8 |  8.5
Maces & Flails | 2 3 |  3.3
Dodging        | 4 5 |  5.0
Armour         | 4 7 |  7.2
Charms         | 5 6 |  6.3
Stealth        | |  1.4

Action                   |  1- 3 |  4- 6 |  7- 9 | 10-12 | 13-15 | 16-18 || total
-------------------------+-------+-------+-------+-------+-------+-------++-------
Melee: Unarmed           |    25 |       |       |       |       |       ||    25
       Spear             |    26 |    42 |    41 |       |       |       ||   109
       Flail             |       |       |    21 |     7 |       |       ||    28
       Quarterstaff      |       |       |       |    64 |   230 |     2 ||   296
 Cast: Magic Dart        |    66 |   185 |   293 |   408 |    53 |       ||  1005
       Searing Ray       |       |     5 |    19 |    40 |     3 |       ||    67
       Iskenderun's Myst |       |       |    17 |   100 |   772 |    33 ||   922
       Conjure Flame     |       |       |     2 |    41 |     9 |       ||    52
       Force Lance       |       |       |     2 |    31 |    36 |       ||    69
       Mephitic Cloud    |       |       |     2 |    13 |    33 |     1 ||    49
       Blink             |       |       |       |     5 |     2 |       ||     7
       Bolt of Cold      |       |       |       |       |     4 |     3 ||     7
Evoke: Wand              |       |       |     2 |    13 |    14 |       ||    29
  Use: Scroll            |       |     1 |     5 |     8 |    14 |       ||    28
       Potion            |       |       |     3 |     2 |     9 |       ||    14
 Stab: Sleeping          |     1 |     1 |     1 |       |       |       ||     3
       Confused          |       |       |     2 |     2 |     7 |       ||    11
  Eat: Chunk             |     2 |     7 |    15 |    26 |    30 |       ||    80
       Ration            |       |     1 |     1 |     2 |    10 |     1 ||    15
Armor: Robe              |    18 |    10 |    46 |    77 |    26 |       ||   177
       Acid dragon scale |       |       |       |       |    92 |     5 ||    97
       Skin              |       |       |       |       |    52 |       ||    52
Dodge: Dodged            |    29 |    30 |    91 |   114 |   212 |    10 ||   486
Block: Other             |       |       |       |       |    79 |     4 ||    83
       Reflection        |       |       |       |       |     8 |     4 ||    12
